[Event "24th NATO Chess Championship"]
[Site "Rynia"]
[Date "2013.08.13"]
[Round "3.4"]
[White "Wantiez, Fabrice"]
[Black "Hansen, Stefan"]
[Result "0-1"]
[ECO "B11"]
[WhiteElo "2279"]
[BlackElo "2099"]
[PlyCount "56"]
[EventDate "2013.08.??"]
[EventType "swiss"]
[EventRounds "7"]
[EventCountry "POL"]
[WhiteTeam "BEL"]
[BlackTeam "DEN"]
[WhiteTeamCountry "BEL"]
[BlackTeamCountry "DEN"]
[TimeControl "7200"]

1. e4 c6 2. Nc3 d5 3. Nf3 Bg4 4. h3 Bxf3 5. Qxf3 e6 6. d3 Nd7 7. Qg3 dxe4 8.
Nxe4 Ndf6 9. Bd2 Nxe4 10. dxe4 Nf6 11. Bd3 Qb6 12. O-O O-O-O 13. Qf3 Qc7 14. b4
Bd6 15. Rab1 h5 16. Rfe1 Be5 17. Rb3 Rdg8 18. Be3 g5 19. Bxa7 g4 20. hxg4 Nxg4
21. a4 Rg6 22. a5 Rhg8 23. Bb6 Qe7 24. Bf1 Qh4 25. Qh3 Bh2+ 26. Kh1 Nxf2+ 27.
Bxf2 Qxf2 28. Rd1 Qg1# 0-1